 Dungeon Crawl Stone Soup version 0.29-a0-732-g3d7fbe0af2 (webtiles) character file.

Game seed: 14387452256612988101

1222 buhh the Skirmisher (level 9, -5/67 HPs)
             Began as a Meteoran Hunter on June 29, 2022.
             Was a Believer of Okawaru.
             Killed by divine providence
             ... invoked by an orc priest
              (12 damage)
             ... on level 7 of the Dungeon.
             The game lasted 00:12:15 (3519 turns).

buhh the Skirmisher (Meteoran Hunter)               Turns: 3519, Time: 00:12:16

Health: -5/67      AC:  6    Str: 19    XL:     9   Next: 5%
Magic:  10/10      EV: 13    Int: 10    God:    Okawaru [**....]
Gold:   226        SH:  0    Dex: 22    Spells: 8/8 levels left

rFire   . . .      SeeInvis .   l - +0 arbalest
rCold   . . .      Faith    .   (shield currently unavailable)
rNeg    + . .      Spirit   .   p - +0 leather armour
rPois   +          Reflect  .   (no helmet)
rElec   .          Harm     .   c - +2 ratskin cloak {*Rats rPois rN+ Str-1 Int-1 Dex+1}
rCorr   .          Rampage  .   (no gloves)
Will    +....                   (no boots)
Stlth   +.........              (no amulet)
HPRegen 0.21/turn               m - +6 ring of strength
MPRegen 0.12/turn               (no ring)

@: glowing
A: sense surroundings 2, otherworldly, glowing, explore regen
a: Renounce Religion, Heroism


You were on level 7 of the Dungeon.
You worshipped Okawaru.
Okawaru was pleased with you.
You visited 1 branch of the dungeon, and saw 7 of its levels.

You collected 286 gold pieces.
You spent 60 gold pieces at shops.

Inventory:

Hand Weapons
 a - a +0 shortbow
 l - a +0 arbalest (weapon)
Missiles
 j - 10 poisoned darts
 n - 2 throwing nets {!f}
Armour
 c - the +2 ratskin cloak (worn) {*Rats rPois rN+ Str-1 Int-1 Dex+1}
   (You found it on level 7 of the Dungeon)

   When the wearer is hurt, rats may emerge from it to assist them.
   Str:       It affects your strength (-1).
   Int:       It affects your intelligence (-1).
   Dex:       It affects your dexterity (+1).
   rPois:     It protects you from poison.
   rN:        It protects you from negative energy.
 p - a +0 leather armour (worn)
Magical Staves
 e - a staff of death
Jewellery
 m - a +6 ring of strength (left hand)
 o - a ring of magical power
Scrolls
 g - a scroll of enchant weapon {unknown}
 h - 2 scrolls of fog {unknown}
 s - a scroll of vulnerability
 Z - a scroll of enchant armour
Potions
 b - a potion of attraction
 d - a potion of mutation {unknown}
 f - 4 potions of might
 i - a potion of lignification {unknown}
 k - a potion of flight
 r - a potion of brilliance {unknown}
 N - 7 potions of curing {!q!d}


   Skills:
 - Level 2.1 Fighting
 * Level 11.6 Ranged Weapons
 - Level 2.4 Dodging
 - Level 0.6 Stealth


You had 8 spell levels left.
You didn't know any spells.
Your spell library was empty.

Dungeon Overview and Level Annotations

Branches:
Dungeon (7/15) Zot: 644    Temple (0/1) D:5

Altars:
Cheibriados
Fedhas
Okawaru
Wu Jian

Shops:
D:2 *

Annotations:
D:4 1 runed translucent door, Crazy Yiuf
D:7 1 transporter


Innate Abilities, Weirdness & Mutations

You passively map the area around you.
You are easily found by Zot.
You glow in the dark.
You regain HP and MP as you explore.


Message History

You shoot a bolt.
The bolt completely misses the orc warrior.
The orc warrior hits you with a +0 short sword.
* * * LOW HITPOINT WARNING * * *
The orc priest calls upon Beogh to heal the orc warrior.
Fire: l) +0 arbalest
Press: ? - help, Q - select action, (/) - cycle Shift-Dir - straight line, f/p - orc warrior
Aim: an orc warrior, wielding a +0 short sword and wearing a +0 chain mail (almost dead)
You shoot a bolt.
The bolt closely misses the orc warrior.
The orc warrior closely misses you.
Fire: l) +0 arbalest
Press: ? - help, Q - select action, (/) - cycle Shift-Dir - straight line, f/p - orc warrior
Aim: an orc warrior, wielding a +0 short sword and wearing a +0 chain mail (almost dead)
You shoot a bolt. The bolt barely misses the orc warrior.
The orc warrior hits you with a +0 short sword!
* * * LOW HITPOINT WARNING * * *
Something hits you but does no damage.
The orc priest calls down the wrath of Beogh upon you.
Something writhes in agony!
Reactivating autopickup.
You feel a bit more experienced.
Fire: l) +0 arbalest
Press: ? - help, Q - select action, (/) - cycle Shift-Dir - straight line, f/p - orc warrior
Aim: an orc warrior, wielding a +0 short sword and wearing a +0 chain mail (almost dead)
You shoot a bolt. The bolt hits the orc warrior!
You kill the orc warrior!
Okawaru accepts your kill.
The orc priest invokes the aid of Beogh against you.
You resist with significant effort.
You have reached level 9!
Your experience leads to an increase in your attributes!
Your base attributes are Str 13, Int 11, Dex 19.
Increase (S)trength, (I)ntelligence, or (D)exterity?
You feel agile. x2; You feel stronger.
Your attunement to dungeon structure grows.
You see here the +1 kite shield of the Saviour {Harm}.
The orc priest mumbles some strange prayers to Beogh against you.
Beogh smites you!
You die...

* * ** * ##########
#.... , , #........#
... , #........# ... ,
, , #........# ... **
#$.......# #.# , * *
#........# #.# , ,
#........# #.#* , ,*
####.#..## #@# *, * *
#.##..# #.# * ..## ,*
* #.###.# #.## ..# * ,
#.# #.# #o.# *..## , *
#.###.# ##o## *#...# ,
#...#.## #..###....#
###.#..#####)))#...#*,
, #.##...#####)>...#,
, # #.####..##
##....##


You could see an orc priest and an orc.

Vanquished Creatures
  Eustachio (D:5)
  An orc warrior (D:7)
  An ogre (D:5)
  A centaur (D:5)
  A bullfrog (D:6)
  A gnoll sergeant (D:6)
  2 scorpions
  A hound (D:6)
  A jelly (D:6)
  2 orc priests (D:7)
  4 iguanas
  2 orc wizards
  Natasha (thrice) (D:2)
  Robin (D:3)
  6 gnolls
  5 adders
  2 ufetubi
  A worm (D:3)
  12 orcs
  3 ball pythons
  10 endoplasms
  2 giant cockroaches
  13 goblins
  13 hobgoblins
  9 kobolds
  2 quokkas
  3 bats
  A frilled lizard (D:2)
  2 rats (D:2)
106 creatures vanquished.

Vanquished Creatures (others)
  An orc wizard (D:7)
1 creature vanquished.

Grand Total: 107 creatures vanquished

Notes
Turn   | Place    | Note
-------+----------+-------------------------------------------
     0 | D:1      | buhh the Meteoran Hunter began the quest for the Orb.
     0 | D:1      | Reached XP level 1. HP: 17/17 MP: 2/2
    78 | D:1      | Reached XP level 2. HP: 24/24 MP: 3/3
   222 | D:1      | Reached skill level 5 in Ranged Weapons
   493 | D:1      | Glimpsed the power of Zot.
   527 | D:2      | Reached XP level 3. HP: 29/29 MP: 4/4
   658 | D:2      | Found Fykuir's Assorted Antiques.
   670 | D:2      | Noticed Natasha
   674 | D:2      | Killed Natasha
   675 | D:2      | Reached XP level 4. HP: 36/36 MP: 5/5
   677 | D:2      | Bought a scroll labelled YSKECR OMOKK for 30 gold pieces
   677 | D:2      | Bought a scroll labelled YSKECR OMOKK for 30 gold pieces
   934 | D:2      | Reached skill level 6 in Ranged Weapons
   935 | D:2      | Noticed Natasha
   947 | D:2      | Killed Natasha
   948 | D:2      | Reached XP level 5. HP: 23/41 MP: 6/6
  1019 | D:2      | Noticed Natasha
  1044 | D:2      | Killed Natasha
  1235 | D:3      | Found a faded altar of an unknown god.
  1245 | D:3      | Noticed Robin
  1270 | D:3      | Killed Robin
  1271 | D:3      | Reached skill level 7 in Ranged Weapons
  1324 | D:3      | Found an iron altar of Okawaru.
  1345 | D:3      | Became a worshipper of Warmaster Okawaru
  1359 | D:3      | You fall into a shaft and drop 3 floors!
  1388 | D:6      | Reached XP level 6. HP: 27/48 MP: 7/7
  1434 | D:5      | Entered Level 5 of the Dungeon
  1487 | D:5      | Found a staircase to the Ecumenical Temple.
  1583 | D:5      | Noticed an ice beast
  1608 | D:5      | Noticed an ogre
  1718 | D:4      | Found a runed translucent door.
  1719 | D:4      | Noticed Crazy Yiuf
  2226 | D:4      | Found a snail-covered altar of Cheibriados.
  2226 | D:4      | Found a blossoming altar of Fedhas.
  2226 | D:4      | Found an ornate altar of the Wu Jian Council.
  2317 | D:4      | Reached * piety under Okawaru
  2318 | D:4      | Reached skill level 8 in Ranged Weapons
  2318 | D:4      | Reached XP level 7. HP: 55/55 MP: 8/8
  2434 | D:5      | Noticed Eustachio
  2464 | D:5      | Killed Eustachio
  2465 | D:5      | Reached skill level 9 in Ranged Weapons
  2619 | D:5      | Reached XP level 8. HP: 52/61 MP: 9/9
  2750 | D:5      | Reached ** piety under Okawaru
  2751 | D:5      | Reached skill level 10 in Ranged Weapons
  3303 | D:7      | Found the +2 ratskin cloak {*Rats rPois rN+ Str-1 Int-1
                  | Dex+1}
  3303 | D:7      | Found a transporter.
  3363 | D:6      | Reached skill level 11 in Ranged Weapons
  3428 | D:7      | Noticed a steam dragon
  3495 | D:7      | HP: 1/61 [orc warrior/bolt (17)]
  3513 | D:7      | HP: 3/61 [orc warrior/+0 short sword (15)]
  3515 | D:7      | Gained mutation: You passively map the area around you.
                  | [Meteoran growth]
  3515 | D:7      | Reached XP level 9. HP: 3/67 MP: 10/10
  3515 | D:7      | Identified the +1 kite shield of the Saviour {Harm}
  3519 | D:7      | Killed from afar by an orc priest

Illustrated notes

Levels and vault maps discovered:
D:1:      lightli_arrival_noodles, layout_basic, nicolae_figureground_pulse
D:2:      layout_basic, serial_shops, shop, grunt_ministairs_13,
          kennysheep_generic_room_3, uniq_natasha
D:3:      layout_rooms, kennysheep_okawaru_gauntlet,
          ebering_ecumenical_altar_hall, serial_glass, glass_columns_c,
          glass_columns_c, glass_columns_a, glass_columns_a, glass_columns_a,
          glass_columns_a, uniq_robin
D:4:      layout_layer_cave, gammafunk_temple_overflow_claw,
          uniq_crazy_yiuf_cottage
D:5:      layout_loops_corners, temple_green, minmay_misc_feat_diagonals,
          uniq_eustachio
D:6:      layout_layer_cave, ebering_dispersal_statue_hall
D:7:      layout_rooms, xom_redecorated, nicolae_qazlal_general_emergency,
          gammafunk_ghost_abyssal_escape

Skill      XL: |  1  2  3  4  5  6  7  8 |
---------------+-------------------------+-----
Ranged Weapons | 5 6 7 8 9 11 | 11.6
Fighting       | |  2.1
Dodging        | |  2.4
Stealth        | |  0.6

Action                   |  1- 3 |  4- 6 |  7- 9 || total
-------------------------+-------+-------+-------++-------
 Fire: Shortbow          |    40 |   178 |   129 ||   347
       Arbalest          |       |       |    38 ||    38
Invok: Heroism           |       |       |     1 ||     1
  Use: Scroll            |       |    16 |     5 ||    21
       Potion            |       |       |     6 ||     6
Armor: Leather armour    |       |    25 |    35 ||    60
Dodge: Dodged            |     2 |    70 |    70 ||   142

Table legend: (Time is in decaauts)
 A = Elapsed time spent in this place.
 B = Non-inter-level travel time spent in this place.
 C = Inter-level travel time spent in this place.
 D = Time resting spent in this place.
 E = Time spent auto-exploring this place.
 F = Levels seen in this place.
 G = Mean time per level.
                   A        B        C        D        E       F      G
               +--------+--------+--------+--------+--------+-----+--------+
         Total |   3554 |   3359 |    195 |    100 |   1941 |   7 |  507.7 |
       Dungeon |   3554 |   3359 |    195 |    100 |   1941 |   7 |  507.7 |
               +--------+--------+--------+--------+--------+-----+--------+

Top non-repeatable levels by time:
     D:5: 681 daAuts
     D:6: 640 daAuts
     D:4: 639 daAuts
     D:2: 638 daAuts
     D:1: 530 daAuts
     D:3: 308 daAuts
     D:7: 115 daAuts
